 Dungeon Crawl Stone Soup version 0.30-a0-757-ga6a79fd877 (webtiles) character file.

Game seed: 5098543559757579133

1731 Aneyh the Fighter (level 9, 0/63 HPs)
             Began as a Tengu Monk on Feb 10, 2023.
             Slain by an orc warrior
             ... wielding a +0 morningstar
              (15 damage)
             ... on level 7 of the Dungeon.
             The game lasted 00:20:42 (6201 turns).

Aneyh the Fighter (Tengu Monk)                      Turns: 6201, Time: 00:20:43

Health: 0/63       AC:  2    Str: 15    XL:     9   Next: 5%
Magic:  10/10      EV: 16    Int: 17    God:
Gold:   540        SH:  0    Dex: 17    Spells: 8/8 levels left

rFire   + . .      SeeInvis .    v - +2 demon trident (venom)
rCold   + . .      Faith    .    (no shield)
rNeg    . . .      Spirit   .    b - +0 robe
rPois   +          Reflect  .    f - +0 hat
rElec   .          Harm     .    t - scarf {rC+ rF+}
rCorr   .          Rampage  .    (no gloves)
Will    .....                    (boots unavailable)
Stlth   ++                       (no amulet)
HPRegen 0.30/turn                l - +6 ring of intelligence
MPRegen 0.12/turn                x - ring of poison resistance

@: flying quickly and evasively, quick
A: beak, talons 3, nimble flight
a: no special abilities


You were on level 7 of the Dungeon.
You visited 2 branches of the dungeon, and saw 8 of its levels.

You collected 540 gold pieces.

Inventory:

Hand Weapons
 a - a +0 spear
 o - a +0 trident
 v - a +2 demon trident of venom (weapon)
 A - a +2 great sword
 B - a +3 battleaxe
 C - a +4 morningstar
Armour
 b - a +0 robe (worn)
 f - a +0 hat (worn)
 r - the +1 ring mail of Kupn {-Tele rCorr Str+4 Dex-5}
   (You found it on level 3 of the Dungeon)

   Str:       It affects your strength (+4).
   Dex:       It affects your dexterity (-5).
   -Tele:     It prevents most forms of teleportation.
   rCorr:     It protects you from acid and corrosion.
 s - an orb of light
 t - a scarf of resistance (worn)
Magical Staves
 k - a staff of air
Jewellery
 l - a +6 ring of intelligence (left hand)
 x - a ring of poison resistance (right hand)
 D - a ring of positive energy
Wands
 p - a wand of mindburst (14)
 y - a wand of digging (3)
Scrolls
 d - 11 scrolls of identify {unknown}
 e - 2 scrolls of vulnerability
 g - a scroll of enchant armour {unknown}
 i - a scroll of immolation
Potions
 h - a potion of experience {unknown}
 j - a potion of flight {unknown}
 m - 2 potions of haste {unknown}
 n - 2 potions of cancellation {unknown}
 q - 3 potions of curing {unknown}
 u - a potion of berserk rage {unknown}
 z - a potion of lignification {unknown}


   Skills:
 * Level 10.6 Fighting
 - Level 4.0 Polearms
 - Level 3.2 Dodging
 - Level 2.0 Stealth
 * Level 5.2 Summonings


You had 8 spell levels left.
You didn't know any spells.
Your spell library contained the following spells:

 Spells                   Type           Power      Damage    Failure   Level
 Sandblast                Erth           0%         2d4       24%         1
 Passwall                 Tmut/Erth      0%         N/A       34%         2
 Stone Arrow              Conj/Erth      0%         3d7       56%         3
 Summon Forest            Summ/Tloc      4%         N/A       92%         5
 Eringya's Noxious Bog    Tmut/Pois      0%         N/A       100%        6
 Summon Hydra             Summ           8%         N/A       100%        7


Dungeon Overview and Level Annotations

Branches:
Dungeon (7/15)             Temple (1/1) D:6

Altars:
Ashenzari
Cheibriados
Dithmenos
Elyvilon
Fedhas
Gozag
Kikubaaqudgha
Makhleb
Nemelex Xobeh
Okawaru
Qazlal
Ru
Sif Muna
Trog
Wu Jian
Xom
Yredelemnul
Zin
The Shining One

Shops:
D:3 ?


Innate Abilities, Weirdness & Mutations

You have a beak for a mouth.
You have claws for feet.
Your magical nature lets you fly swiftly and evasively.


Message History

You hit the gnoll.
The gnoll is poisoned.
Your peck misses the gnoll.
The gnoll is moderately wounded.
The gnoll sergeant hits you from afar with a +0 trident!
The gnoll barely misses you.
The gnoll throws a throwing net.
The throwing net barely misses you.
You feel less invigorated.
You feel less confused. The gnoll barely misses you.
You closely miss the orc warrior. Your peck misses the orc warrior.
The orc warrior closely misses you. The gnoll misses you.
The gnoll throws a boomerang.
The boomerang misses you.
You closely miss the orc warrior. You claw the orc warrior.
You peck the orc warrior, but do no damage.
The orc warrior is lightly wounded.
The orc warrior barely misses you.
The gnoll sergeant hits you from afar with a +0 trident!
* * * LOW HITPOINT WARNING * * *
The gnoll barely misses you.
You kill the gnoll!
The orc warrior throws a boomerang.
The boomerang barely misses you.
Press: ? - help, v - describe, . - travel
Here: a gnoll, quivering boomerangs The floor.
Aiming: Mindburst
Press: ? - help, Shift-Dir - straight line, f - gnoll
Aim: a gnoll, quivering boomerangs (chance to affect: 72%)
The gnoll sergeant's mind is blasted!!
The gnoll throws a throwing net.
The throwing net barely misses you.
You are too injured to fight recklessly!
Reach: v) +2 demon trident (venom)
Press: ? - help, Dir - move target, f - orc warrior, p - gnoll
Aim: an orc warrior, wielding a +0 morningstar, wearing a +0 chain mail and quivering boomerangs (lightly wounded, about 35% to evade your +2 demon trident of venom)
You reach to attack!
You hit the orc warrior.
The orc warrior is moderately wounded.
The orc warrior throws a boomerang.
The boomerang completely misses you.
You puncture the orc warrior!
The orc warrior is poisoned.
Your kick misses the orc warrior.
The orc warrior is severely wounded.
The orc warrior hits you with a +0 morningstar!
You die...

############
#####oo@.......##
##..(..≈≈≈≈≈≈≈≈..####
#..)..≈≈ng5...S.....###
#...≈≈≈≈≈ggg##..≈≈......#
#...≈≈...g.h####(.≈≈≈≈≈..#
#.#.≈.(....## ##.....≈≈.#
#...≈......# #......≈.#
..#.≈....... .......≈.# .#
###.≈...##... ...##...S.#


You could see an orc warrior (very poisoned), a necrophage, a gnoll sergeant, a
hound, an electric eel, 4 gnolls, an orc and an ufetubus.

Vanquished Creatures
  A wyvern (D:7)
  A water moccasin (D:7)
  Duvessa (D:5)
  2 sky beasts
  An ogre (D:6)
  2 necrophages
  A scorpion (D:6)
  3 wights
  Dowan (D:5)
  2 howler monkeys
  3 hounds
  A jelly (D:6)
  3 orc priests
  Ijyb (D:3)
  4 iguanas
  2 orc wizards
  7 gnolls
  7 adders
  A shadow imp (D:5)
  An ufetubus (D:6)
  3 worms
  3 dart slugs
  10 orcs
  5 ball pythons
  3 bats
  7 endoplasms
  2 giant cockroaches
  15 goblins
  9 hobgoblins
  7 jackals (D:3)
  7 kobolds
  2 quokkas
  2 frilled lizards
  11 rats
131 creatures vanquished.

Notes
Turn   | Place    | Note
-------+----------+-------------------------------------------
     0 | D:1      | Aneyh the Tengu Monk began the quest for the Orb.
     0 | D:1      | Reached XP level 1. HP: 14/14 MP: 2/2
   178 | D:1      | Reached XP level 2. HP: 19/19 MP: 3/3
   524 | D:1      | Reached skill level 4 in Fighting
   553 | D:1      | Reached XP level 3. HP: 19/24 MP: 4/4
  1162 | D:2      | Reached XP level 4. HP: 30/30 MP: 5/5
  1164 | D:2      | You fall into a shaft and drop 2 floors!
  1172 | D:4      | Noticed a necrophage
  1183 | D:4      | Noticed an ogre
  1200 | D:4      | Killed a necrophage
  1201 | D:4      | Reached skill level 5 in Fighting
  1201 | D:4      | Gained mutation: Your magical nature lets you fly swiftly
                  | and evasively. [Tengu growth]
  1201 | D:4      | Reached XP level 5. HP: 18/35 MP: 6/6
  1215 | D:4      | Found an ancient bone altar of Kikubaaqudgha.
  1385 | D:3      | Found Yxyacal's Magic Scroll Shop.
  1474 | D:4      | Reached skill level 6 in Fighting
  1713 | D:3      | Noticed Ijyb
  1901 | D:3      | Killed Ijyb
  1902 | D:3      | Reached XP level 6. HP: 17/42 MP: 7/7
  2043 | D:3      | Identified the +1 ring mail of Kupn {-Tele rCorr Str+4
                  | Dex-5}
  2615 | D:3      | Reached skill level 1 in Summonings
  2722 | D:4      | Found a broken altar of Ashenzari.
  2754 | D:5      | Entered Level 5 of the Dungeon
  3471 | D:4      | Found a stormy altar of Qazlal.
  3594 | D:4      | Reached skill level 7 in Fighting
  3594 | D:4      | Reached XP level 7. HP: 38/48 MP: 8/8
  4121 | D:5      | Noticed Duvessa
  4127 | D:5      | Noticed Dowan
  4132 | D:5      | Killed Duvessa
  4137 | D:5      | Killed Dowan
  4138 | D:5      | Reached skill level 8 in Fighting
  4416 | D:5      | Found a shadowy altar of Dithmenos.
  4511 | D:5      | Found a sacrificial altar of Ru.
  4513 | D:5      | Found a shimmering altar of Xom.
  4513 | D:5      | Found an ornate altar of the Wu Jian Council.
  4515 | D:5      | Found a basalt altar of Yredelemnul.
  4515 | D:5      | Found a broken altar of Ashenzari.
  4515 | D:5      | Found a shimmering blue altar of Sif Muna.
  5061 | D:6      | Reached XP level 8. HP: 38/54 MP: 9/9
  5231 | D:6      | Found a staircase to the Ecumenical Temple.
  5239 | Temple   | Entered the Ecumenical Temple
  5310 | D:6      | Reached skill level 9 in Fighting
  5816 | D:7      | Found a glowing golden altar of the Shining One.
  5995 | D:7      | Noticed a wyvern
  6001 | D:7      | Killed a wyvern
  6002 | D:7      | Reached skill level 10 in Fighting
  6008 | D:7      | Reached skill level 5 in Summonings
  6119 | D:6      | Reached XP level 9. HP: 35/63 MP: 10/10
  6201 | D:7      | Slain by an orc warrior

Illustrated notes

Levels and vault maps discovered:
D:1:      matt_arrival_grand_opening, layout_loops_ring
D:2:      layout_basic, corexii_leaking_fountain
D:3:      kennysheep_goblin_castle, layout_basic, serial_shops,
          nicolae_shop_hallway_plus
D:4:      layout_cave_pools, mainiacjoe_overflow_surrounded_room,
          lemuel_tele_altar, ashenzari_conservatory_becter,
          kennysheep_flooded_box, uniq_crazy_yiuf_cottage
D:5:      layout_gridville, doesnt_xom_only_xom,
          nicolae_dithmenos_shadow_blocks, st_stairs_3, minmay_crystal_room,
          uniq_duvessa
D:6:      layout_loops_ring, minmay_temple_entry_trees
D:7:      layout_cave_pools, mainiacjoe_overflow_brackets, enter_bailey_2,
          serial_gnoll_camp, gnoll_camp_mini_shop, gnoll_camp_mini_basic,
          gnoll_camp_mini_doghouse, gnoll_camp_huts_moat, gnoll_camp_mini_hut,
          grunt_ministairs_4
Temple:   nicolae_temple_ecumenical_triangle

Skill      XL: |  1  2  3  4  5  6  7  8 |
---------------+-------------------------+-----
Fighting       | 4 5 6 7 8 10 | 10.6
Polearms       | 4 |  4.0
Summonings     | 2 3 5 |  5.2
Dodging        | |  3.2
Stealth        | |  2.0

Action                     |  1- 3 |  4- 6 |  7- 9 || total
---------------------------+-------+-------+-------++-------
  Melee: Spear             |    67 |    45 |       ||   112
         Kick              |     8 |    33 |    40 ||    81
         Peck              |     5 |    19 |    21 ||    45
         Trident           |       |   114 |       ||   114
         Punch             |       |     2 |     1 ||     3
         Demon trident     |       |     9 |   117 ||   126
  Evoke: Wand              |       |       |     1 ||     1
    Use: Scroll            |       |     1 |     4 ||     5
         Potion            |       |       |     1 ||     1
   Stab: Sleeping          |    12 |     7 |     4 ||    23
         Distracted        |       |     3 |       ||     3
 Armour: Robe              |     2 |    10 |    10 ||    22
  Dodge: Dodged            |    18 |   114 |    94 ||   226

Table legend: (Time is in decaauts)
 A = Elapsed time spent in this place.
 B = Non-inter-level travel time spent in this place.
 C = Inter-level travel time spent in this place.
 D = Time resting spent in this place.
 E = Time spent auto-exploring this place.
 F = Levels seen in this place.
 G = Mean time per level.
                   A        B        C        D        E       F      G
               +--------+--------+--------+--------+--------+-----+--------+
         Total |   5893 |   5636 |    257 |   1249 |   3036 |   8 |  736.6 |
       Dungeon |   5849 |   5592 |    257 |   1249 |   3036 |   7 |  835.6 |
        Temple |     44 |     44 |      0 |      0 |      0 |   1 |   44.0 |
               +--------+--------+--------+--------+--------+-----+--------+

Top non-repeatable levels by time:
     D:3: 1279 daAuts
     D:5: 1208 daAuts
     D:6: 904 daAuts
     D:1: 896 daAuts
     D:4: 779 daAuts
     D:2: 482 daAuts
     D:7: 297 daAuts
  Temple: 44 daAuts
